 Dungeon Sprint DCSS version 0.30-a0-122-g2a1322497e (webtiles) character file.

Game seed: 7134630081981183579

0 dduke234 the Trooper (level 2, -3/28 HPs)
             Began as a Draconian Monk on Sept 15, 2022.
             Slain by a water moccasin (7 damage)
             ... in the Dungeon (Sprint VI: "Thunderdome").
             The game lasted 00:02:14 (152 turns).

dduke234 the Trooper (Draconian Monk)                Turns: 152, Time: 00:02:15

Health: -3/28      AC:  8    Str: 13    XL:     2   Next: 10%
Magic:  2/2        EV: 14    Int: 19    God:
Gold:   20         SH:  0    Dex: 25    Spells: 1/1 levels left

rFire   + . .      SeeInvis .    a - +0 mace
rCold   . . .      Faith    .    (no shield)
rNeg    . . .      Spirit   .    (body armour unavailable)
rPois   .          Reflect  .    (helmet restricted)
rElec   .          Harm     .    (no cloak)
rCorr   .          Rampage  .    (no gloves)
Will    .....      NoTele   +    (no boots)
Stlth   +++.......               p - amulet "Qawkel" {RegenMP Int+4}
HPRegen 0.09/turn                m - ring of Irrepressible Laughter {*Corrode rF+ AC+4 Int+3 Dex+6}
MPRegen 0.48/turn                o - ring "Uhiduaz" {Int+2 Dex+6}

@: no status effects
A: AC +4, unfitting armour, cold-blooded
a: no special abilities


You were in the Dungeon.
You visited 1 branch You collected 200 gold pieces.
You spent 180 gold pieces at shops.

Inventory:

Hand Weapons
 a - a +0 mace (weapon)
Jewellery
 m - the ring of Irrepressible Laughter (left hand) {*Corrode rF+ AC+4 Int+3 Dex+6}
   (You bought it in a shop in the Dungeon)

   [ring of protection]

   AC:        It affects your AC (+4).
   Int:       It affects your intelligence (+3).
   Dex:       It affects your dexterity (+6).
   rF:        It protects you from fire.
   *Corrode:  It may corrode you when you take damage.
 n - the ring of Qoacrix {Drain rPois rF+ Dex+2}
   (You bought it in a shop in the Dungeon)

   [ring of protection from fire]

   Dex:       It affects your dexterity (+2).
   rF:        It protects you from fire.
   rPois:     It protects you from poison.
   Drain:     It drains your maximum health when unequipped.
 o - the ring "Uhiduaz" (right hand) {Int+2 Dex+6}
   (You bought it in a shop in the Dungeon)

   [ring of dexterity]

   Int:       It affects your intelligence (+2).
   Dex:       It affects your dexterity (+6).
 p - the amulet "Qawkel" (around neck) {RegenMP Int+4}
   (You bought it in a shop in the Dungeon)

   [amulet of magic regeneration]

   It increases your rate of magic regeneration.
   Int:       It affects your intelligence (+4).
Wands
 j - a wand of quicksilver (5)
 k - a wand of roots (5)
Scrolls
 h - 4 scrolls of blinking
 l - 3 scrolls of butterflies
Potions
 b - a potion of ambrosia
 d - 4 potions of heal wounds
 e - 4 potions of haste
 f - 2 potions of magic
 g - a potion of berserk rage
 i - a potion of resistance


   Skills:
 * Level 4.5 Fighting
 + Level 3.5 Maces & Flails
 + Level 3.2 Dodging
 * Level 2.4 Stealth


You had one spell level left.
You didn't know any spells.
Your spell library was empty.

Dungeon Overview and Level Annotations

Branches:
Dungeon (1/1)

Altars:
Cheibriados
Dithmenos
Gozag
Kikubaaqudgha
Makhleb
Qazlal
Ru
Trog
Uskayaw
Vehumet
Wu Jian
Xom
Lugonu

Shops:
D *[???:(


Innate Abilities, Weirdness & Mutations

Your plain brown scales are hard. (AC +4)
You cannot fit into any form of body armour.
You are cold-blooded and may be slowed by cold attacks.


Message History

The water moccasin is moderately wounded.
You feel sick.
The water moccasin completely misses you.
The adder closely misses you. The water moccasin closely misses you.
You barely miss the water moccasin.
The water moccasin is moderately wounded.
You feel sick. The water moccasin bites you.
* * * LOW HITPOINT WARNING * * *
The adder misses you. The water moccasin bites you.
* * * LOW HITPOINT WARNING * * *
The adder bites you but does no damage. The adder attacks as you move away!
The adder misses you.
You feel sick.
You are no longer poisoned.
You hit the water moccasin.
The water moccasin is heavily wounded.
The water moccasin completely misses you.
The adder barely misses you. The water moccasin misses you.
The adder misses you.
You hit the water moccasin but do no damage.
The water moccasin is heavily wounded.
The water moccasin closely misses you. The adder closely misses you.
The water moccasin bites you but does no damage.
The adder attacks as you move away! The adder bites you but does no damage.
You see here a ball python corpse.
You hit the water moccasin but do no damage.
The water moccasin is heavily wounded.
The water moccasin completely misses you.
The water moccasin attacks as you move away!
The water moccasin closely misses you. 50...
The water moccasin misses you. The adder misses you.
The water moccasin attacks as you move away!
The water moccasin barely misses you.
The water moccasin bites you but does no damage.
You hit the water moccasin.
The water moccasin is severely wounded.
The adder bites you.
* * * LOW HITPOINT WARNING * * *
The water moccasin bites you!
You die...

#_......._# #_......._#
#........_#
###.........###
#⌠...........⌠#
######.8.........8.###
##..__......###......__
###∩........8.# #.8......
##.....†.S@....###........
#⌠.......S..###...###.....
#⌠..........# #.<.# .....
#⌠..........###...# ....
##.............###.. ....
###∩........8.# .8.. ...
##∩___......# ......
######.8..... ...8.#
#⌠...... ....⌠#


You could see a water moccasin and an adder.

Vanquished Creatures
  An adder (D)
  2 ball pythons (D)
3 creatures vanquished.

Notes
Turn   | Place    | Note
-------+----------+-------------------------------------------
     0 | D        | dduke234 the Draconian Monk began the quest for the Orb.
     0 | D        | Reached XP level 1. HP: 19/19 MP: 1/1
     1 | D        | Found a stormy altar of Qazlal.
     1 | D        | Found a snail-covered altar of Cheibriados.
     2 | D        | Found a bloodstained altar of Trog.
     2 | D        | Found a sacrificial altar of Ru.
     3 | D        | Found a hide-covered altar of Uskayaw.
     3 | D        | Found a shadowy altar of Dithmenos.
     4 | D        | Found an opulent altar of Gozag.
     4 | D        | Found Huschyxo's Staff Store.
     4 | D        | Found Piotux's Magic Scroll Shop.
     5 | D        | Found Bowkoal's Must-Have Magic.
     5 | D        | Found Olyriur's Magic Scroll Shop.
     5 | D        | Round 1.
     8 | D        | Found an ancient bone altar of Kikubaaqudgha.
     9 | D        | Found a radiant altar of Vehumet.
    13 | D        | Found Lyuru's Jewellery.
    13 | D        | Found Foffes's Advanced Armour.
    15 | D        | Found an ornate altar of the Wu Jian Council.
    15 | D        | Found a burning altar of Makhleb.
    15 | D        | Found a shimmering altar of Xom.
    15 | D        | Found Plog's Identification Station.
    24 | D        | Reached skill level 4 in Fighting
    24 | D        | Reached XP level 2. HP: 14/28 MP: 2/2
    77 | D        | Found a corrupted altar of Lugonu.
    93 | D        | Bought a heavily runed bronze ring for 45 gold pieces
    93 | D        | Identified the ring of Irrepressible Laughter {*Corrode rF+
                  | AC+4 Int+3 Dex+6} (You bought it in a shop in the Dungeon)
    93 | D        | Bought a clouded amber ring for 45 gold pieces
    93 | D        | Identified the ring of Qoacrix {Drain rPois rF+ Dex+2} (You
                  | bought it in a shop in the Dungeon)
    93 | D        | Bought a crude ivory ring for 45 gold pieces
    93 | D        | Identified the ring "Uhiduaz" {Int+2 Dex+6} (You bought it
                  | in a shop in the Dungeon)
    93 | D        | Bought a crude emerald amulet for 45 gold pieces
    93 | D        | Identified the amulet "Qawkel" {RegenMP Int+4} (You bought
                  | it in a shop in the Dungeon)
   132 | D        | Noticed a water moccasin
   152 | D        | Slain by a water moccasin

Illustrated notes

Levels and vault maps discovered:
D:        arena_sprint

Skill      XL: |  1 |
---------------+----+-----
Fighting       | 4 |  4.5
Dodging        | 3 |  3.2
Stealth        | 2 |  2.4
Maces & Flails | |  3.5

Action                   || total
-------------------------++-------
Melee: Mace              ||    19
       Tailslap          ||     1
  Use: Potion            ||     1
Armor: Skin              ||    10
Dodge: Dodged            ||    34

Table legend: (Time is in decaauts)
 A = Elapsed time spent in this place.
 B = Non-inter-level travel time spent in this place.
 C = Inter-level travel time spent in this place.
 D = Time resting spent in this place.
 E = Time spent auto-exploring this place.
 F = Levels seen in this place.
 G = Mean time per level.
                   A        B        C        D        E       F      G
               +--------+--------+--------+--------+--------+-----+--------+
         Total |    154 |    154 |      0 |      0 |     65 |   1 |  154.0 |
       Dungeon |    154 |    154 |      0 |      0 |     65 |   1 |  154.0 |
               +--------+--------+--------+--------+--------+-----+--------+

Top non-repeatable levels by time:
       D: 154 daAuts
